AoeStats
← PABLO ESCOBAR GAVIRIA

Arabia

510666369Analyzed
1v1 RM · 18h ago on Oct 2, 2026· 68m 5s· 2 players
Game mode
Random Map
Map size
Tiny (2 player)
Population
200
Speed
Normal
Resources
Standard
Victory
Conquest
Starting age
Dark Age
Ending age
Imperial Age
RankedLock teamsTeams togetherTeam positionsShared explorationLock speedFull tech treeHidden civsTurbo modeCheats
Victory
Defeat
931
+15
🇧🇷 Malians · Brazil
900
-15
PABLO ESCOBAR GAVIRIA
3:28 Loom
10:53 Feudal Age
11:25 Double-Bit Axe
13:29 Horse Collar
20:17 Fletching
20:27 Padded Archer Armor
24:41 Castle Age
23:18 Wheelbarrow
23:01 Gold Mining
24:18 Wheelbarrow
25:40 Bow Saw
25:24 Elite Skirmisher
26:10 Thumb Ring
26:50 Gold Shaft Mining
27:44 Bodkin Arrow
29:09 Heavy Plow
33:36 Imperial Age
35:24 Leather Archer Armor
37:12 Ring Archer Armor
37:50 Two-Man Saw
37:09 Hand Cart
37:22 Crossbowman
42:29 Scale Mail Armor
42:39 Forging
42:35 Scale Barding Armor
44:13 Chemistry
43:09 Murder Holes
43:49 Crop Rotation
44:41 Pikeman
45:47 Bracer
46:22 Iron Casting
46:03 Chain Mail Armor
50:30 Halberdier
52:18 Plate Mail Armor
52:09 Chain Barding Armor
56:14 Arbalester
63:39 Conscription
63:22 Heavy Camel Rider
64:02 Husbandry
66:51 Ballistics
66:51 Bombard Tower
66:12 Treadmill Crane
67:11 Plate Barding Armor
andersonmauro_01
10:21 Feudal Age
10:25 Man-at-Arms
11:05 Double-Bit Axe
13:13 Horse Collar
15:29 Forging
18:32 Fletching
23:40 Castle Age
22:33 Padded Archer Armor
22:50 Stone Mining
23:45 Elite Skirmisher
25:09 Wheelbarrow
26:09 Thumb Ring
27:02 Bow Saw
27:10 Bodkin Arrow
28:13 Ballistics
28:43 Leather Archer Armor
29:10 Gold Mining
30:18 Heavy Plow
32:25 Iron Casting
37:44 Imperial Age
35:35 Scale Barding Armor
35:50 Scale Mail Armor
36:58 Hand Cart
36:57 Bloodlines
36:07 Light Cavalry
38:26 Chain Mail Armor
39:42 Chain Barding Armor
41:34 Chemistry
41:24 Plate Mail Armor
41:49 Husbandry
43:14 Ring Archer Armor
43:48 Crossbowman
46:40 Arbalester
58:15 Pikeman
64:42 Plate Barding Armor
Connection lost

Rejoining the realm…

Still unreachable

The connection could not be restored.

Session expired

The server has moved on; the page needs a fresh start.